[Event "Late-Titled-Tuesday-Blitz-March-19-2024"]
[Site "Chess.com"]
[Date "2024.03.19"]
[Round "3"]
[White "CarlosjPineror"]
[Black "HajiyevKanan"]
[Result "0-1"]
[WhiteElo "2669"]
[BlackElo "2515"]
[TimeControl "180+1"]
[EndTime "14:26:20 PDT"]
[Termination "HajiyevKanan won by resignation"]

1. e4 c6 2. d4 d5 3. exd5 cxd5 4. Bd3 Nc6 5. c3 Qc7 6. h3 Nf6 7. Nf3 g6 8. O-O Bg7 9. Bf4 Qxf4 10. Re1 O-O 11. Nbd2 Bf5 12. Bxf5 Qxf5 13. Qe2 Rfe8 14. Ne5 Nxe5 15. dxe5 Ne4 16. Nxe4 dxe4 17. Qxe4 Qxe4 18. Rxe4 Red8 19. Rae1 Rd2 20. R1e2 Rad8 21. f4 e6 22.
Kf2 Bf8 23. b4 b5 24. a3 R8d3 25. Rxd2 Rxd2+ 26. Re2 Rxe2+ 27. Kxe2 Bh6 28. Ke3 Kf8 29. Ke4 Ke7 30. g4 Kd7 31. g5 Bf8 32. Kd4 Kc6 33. Ke4 h6 34. h4 h5 35. Kd4 Be7 36. c4 bxc4 37. Kxc4 a6 38. a4 Bd8 39. b5+ axb5+ 40.
axb5+ Kb6 41. Kd4 Kxb5 42. Ke4 Kc4 43. Kf3 Kd3 44. Kg3 Ke4 45. Kh3 Kxf4 46. Kh2 Kxe5 47. Kg2 Kf5 48. Kg1 Kg4 49. Kh1 Kxh4 50. Kg2 Bxg5 51. Kh1 e5 52. Kg2 Kg4 53. Kh1 Kg3 54. Kg1 e4 55. Kh1 h4 56. Kg1 f5 57. Kf1 f4 58. Kg1 e3 59. Kh1 f3 0-1

[Event "Late-Titled-Tuesday-Blitz-March-19-2024"]
[Site "Chess.com"]
[Date "2024.03.19"]
[Round "3"]
[White "LikeWater"]
[Black "Kavyev_Ruslan"]
[Result "1-0"]
[WhiteElo "2654"]
[BlackElo "2463"]
[TimeControl "180+1"]
[EndTime "14:26:24 PDT"]
[Termination "LikeWater won by resignation"]

1. e4 c6 2. d4 d5 3. e5 Bf5 4. h4 h5 5. Bd3 Bxd3 6. Qxd3 e6 7. Bg5 Be7 8. Nf3 Nh6 9. Nbd2 Nf5 10. c4 Nd7 11.
O-O-O dxc4 12. Nxc4 Nb6 13. Ne3 Nxe3 14. fxe3 Qd5 15.
Kb1 a5 16. Bxe7 Kxe7 17. Ng5 f6 18. Qg6 Raf8 19. Qxg7+ Kd8 20. Nf7+ Rxf7 21. Qxf7 Qe4+ 22. Ka1 Nd5 23. Qxe6 Nxe3 24. Rc1 Re8 25. Qd6+ Kc8 26.
exf6 Qxg2 27. f7 Nc2+ 28. Kb1 Na3+ 29. bxa3 Qe4+ 30. Ka1 Rd8 31. f8=Q Rxf8 32. Qxf8+ Kc7 33. Qc5 Qe3 34. Qe5+ 1-0

[Event "Late-Titled-Tuesday-Blitz-March-19-2024"]
[Site "Chess.com"]
[Date "2024.03.19"]
[Round "3"]
[White "ThaBarWa"]
[Black "ProfessorChess101"]
[Result "0-1"]
[WhiteElo "2339"]
[BlackElo "2789"]
[TimeControl "180+1"]
[EndTime "14:26:26 PDT"]
[Termination "ProfessorChess101 won by resignation"]

1. d4 Nf6 2. c4 e6 3. Nc3 d5 4. cxd5 exd5 5. Bg5 c6 6. e3 Be7 7. Bd3 Nbd7 8. Nge2 Nf8 9. Qc2 Ne6 10. Bh4 g6 11. f3 O-O 12. O-O-O b5 13. e4 dxe4 14. fxe4 Nxd4 15. Nxd4 Qxd4 16. Bf2 Qe5 17. Bg3 Qe6 18. e5 Ng4 19. Qe2 b4 20. Ne4 Qxa2 21.
h3 Qa1+ 22. Bb1 Nh6 23. Nf6+ Kh8 24. Bf4 Bf5 25. Ne4 Ng8 26. g4 Be6 27. Bg5 Ba2 28. Kd2 Qxb2+ 29. Bc2 0-1

[Event "Late-Titled-Tuesday-Blitz-March-19-2024"]
[Site "Chess.com"]
[Date "2024.03.19"]
[Round "3"]
[White "DamianoLew95"]
[Black "mitrabhaa"]
[Result "0-1"]
[WhiteElo "2728"]
[BlackElo "3059"]
[TimeControl "180+1"]
[EndTime "14:26:27 PDT"]
[Termination "mitrabhaa won by resignation"]

1. e4 c6 2. Nf3 d5 3. d3 Nd7 4. exd5 cxd5 5. d4 Ngf6 6. Bd3 e6 7. Bf4 Nh5 8. Be3 Bd6 9. g3 Nhf6 10. Nbd2 Ng4 11.
Qe2 Nxe3 12. fxe3 f5 13. c4 Nf6 14. c5 Bc7 15. O-O-O O-O 16. Rdg1 b6 17. h3 bxc5 18. dxc5 Qe7 19. Nb3 e5 20. Bc2 a5 21. g4 a4 22.
Nbd2 e4 23. Nd4 f4 24. g5 Nd7 25. exf4 Bxf4 26. Kb1 Nxc5 27. g6 h6 28. Qh5 Qe5 29.
Qxe5 Bxe5 30. Nc6 Bf6 31. b4 axb3 32. Nxb3 Na4 33. Nb4 Nc3+ 34. Kc1 0-1

[Event "Late-Titled-Tuesday-Blitz-March-19-2024"]
[Site "Chess.com"]
[Date "2024.03.19"]
[Round "3"]
[White "Savagelittlemole"]
[Black "Thjop"]
[Result "0-1"]
[WhiteElo "2473"]
[BlackElo "2655"]
[TimeControl "180+1"]
[EndTime "14:26:27 PDT"]
[Termination "Thjop won by resignation"]

1. e4 e6 2. d4 d5 3. exd5 exd5 4.
Bd3 Nc6 5. Ne2 Bd6 6. Nd2 Qf6 7. c3 Nge7 8. h3 Bf5 9. Nf3 Bxd3 10. Qxd3 O-O-O 11. Bg5 Qg6 12. Qxg6 hxg6 13. O-O f6 14. Bf4 g5 15.
Bxd6 Rxd6 16. Ng3 g6 17. Rfe1 Kd7 18. Re2 Re6 19. Rae1 Rxe2 20. Rxe2 Nc8 21. Nf1 Nd6 22.
Ne3 Ne7 23. Ng4 Rf8 24. b3 c6 25. c4 dxc4 26. bxc4 Nxc4 27. Rc2 b5 28. Nd2 Nxd2 29. Rxd2 Nd5 30. g3 a5 31. Ne3 b4 32. Nxd5 cxd5 33. f4 gxf4 34. gxf4 a4 35. Rb2 Rb8 36. Kg2 b3 37. axb3 Rxb3 38. Ra2 a3 39. f5 Rb2+ 0-1

[Event "Late-Titled-Tuesday-Blitz-March-19-2024"]
[Site "Chess.com"]
[Date "2024.03.19"]
[Round "3"]
[White "Sanan_Sjugirov"]
[Black "korkmaz16"]
[Result "1-0"]
[WhiteElo "2997"]
[BlackElo "2570"]
[TimeControl "180+1"]
[EndTime "14:26:37 PDT"]
[Termination "Sanan_Sjugirov won by resignation"]

1. e4 e6 2. d4 d5 3. e5 c5 4. c3 Nc6 5. Nf3 Qb6 6. a3 Nh6 7. b4 cxd4 8. cxd4 Nf5 9. Be3 f6 10.
exf6 gxf6 11. Bd3 Nxe3 12. fxe3 Bh6 13. Qe2 Bd7 14. Nc3 Ne7 15. O-O Rc8 16. Rac1 O-O 17. Kh1 Ng6 18. Rc2 Rc7 19. Bxg6 hxg6 20. Qd3 Kg7 21.
e4 Bb5 22. Nxb5 Rxc2 23. Qxc2 Qxb5 24. Re1 dxe4 25. Qxe4 Qd5 26. Qxe6 Qxe6 27. Rxe6 Rf7 28. g3 Rd7 29. Kg2 Kf7 30. Re2 Bg7 31. h4 f5 32.
Ng5+ Kf8 33. Ne6+ Kf7 34. Nxg7 Kxg7 35. Rd2 Kf6 36. Kf3 Ke6 37. Kf4 Kd5 38. Kg5 Rd6 39.
Re2 Kc4 40. Re7 b5 41. Rxa7 Rxd4 42. Kxg6 Rg4+ 43. Kxf5 Rxg3 44. h5 Rf3+ 45. Kg4 Rf1 46. h6 Rg1+ 47. Kf5 Kd5 48. h7 Rh1 49. Kg6 Ke6 50.
Kg7 Rg1+ 51. Kf8 Rh1 52. Kg8 1-0

[Event "Late-Titled-Tuesday-Blitz-March-19-2024"]
[Site "Chess.com"]
[Date "2024.03.19"]
[Round "3"]
[White "Dr_Pepper18"]
[Black "Jamal-Jamal-Jamal"]
[Result "1-0"]
[WhiteElo "2455"]
[BlackElo "2256"]
[TimeControl "180+1"]
[EndTime "14:26:37 PDT"]
[Termination "Dr_Pepper18 won on time"]

1. d4 f5 2. Nc3 d5 3. Bg5 Nf6 4. Bxf6 exf6 5. e3 Bb4 6. Ne2 O-O 7. a3 Be7 8. Nf4 c6 9. h4 Bd6 10. Qf3 g6 11. Bd3 Qc7 12. O-O-O Bxf4 13. exf4 Be6 14. h5 g5 15. fxg5 fxg5 16. Rde1 Qf7 17. Qe3 Re8 18. Qxg5+ Kh8 19. Re2 Rg8 20. Qe3 Bd7 21.
h6 Qf6 22. g4 fxg4 23. Qe7 Qf4+ 24. Kb1 1-0

[Event "Late-Titled-Tuesday-Blitz-March-19-2024"]
[Site "Chess.com"]
[Date "2024.03.19"]
[Round "3"]
[White "Beca95"]
[Black "bazar-wokzal"]
[Result "1-0"]
[WhiteElo "2956"]
[BlackElo "2567"]
[TimeControl "180+1"]
[EndTime "14:26:39 PDT"]
[Termination "Beca95 won by resignation"]

1. d4 Nf6 2. c4 Nc6 3. Nf3 e6 4. a3 g6 5. Nc3 Bg7 6. h3 O-O 7. Bf4 d5 8. e3 b6 9. Rc1 Ne7 10. Nb5 Ne8 11. Be2 dxc4 12. Bxc4 Bb7 13. O-O Nd6 14.
Bd3 Nd5 15. Bg3 Nxb5 16. Bxb5 Rc8 17. Bc6 Bxc6 18. Rxc6 Ne7 19. Rc2 c5 20. dxc5 Rxc5 21. Rxc5 bxc5 22. Be5 Qb6 23. Bxg7 Kxg7 24. Qc2 Nd5 25.
Ne5 Rc8 26. e4 Ne7 27. Qc3 Kg8 28. Nd7 Qc6 29. Nf6+ Kf8 30. Nxh7+ Kg8 31. Nf6+ Kf8 32. Ng4 Ng8 33. Qh8 Ke7 34. Qh4+ Kf8 35. Rd1 Qxe4 36.
Rd8+ Rxd8 37. Qxd8+ Kg7 38. Qxg8+ Kxg8 39. Nf6+ 1-0

[Event "Late-Titled-Tuesday-Blitz-March-19-2024"]
[Site "Chess.com"]
[Date "2024.03.19"]
[Round "3"]
[White "javierfreilemartin"]
[Black "mightysmasher"]
[Result "0-1"]
[WhiteElo "2312"]
[BlackElo "2601"]
[TimeControl "180+1"]
[EndTime "14:26:42 PDT"]
[Termination "mightysmasher won by checkmate"]

1. c4 e6 2. Nc3 d5 3. e3 Nf6 4. Nf3 Be7 5. b3 O-O 6. Bb2 b6 7. cxd5 exd5 8. d4 Bb7 9. Be2 c6 10. O-O Nbd7 11. Qc2 Rc8 12. Rad1 Qc7 13. Rfe1 Rfe8 14.
Qf5 g6 15. Qh3 Rcd8 16. Ba1 Bc8 17. Qg3 Qxg3 18. hxg3 Bb4 19. Rc1 Ne4 20. Kf1 Bb7 21. Red1 Nef6 22. Rc2 Ng4 23. Rdc1 Bd6 24. Nd1 Ndf6 25.
Bd3 Ne4 26. Bxe4 Rxe4 27. Nd2 Ree8 28. Ke2 Re7 29. Nf1 Rde8 30. f3 Ba6+ 31. Ke1 Bxf1 32. Kxf1 Nxe3+ 33. Nxe3 Rxe3 34. Rxc6 Bxg3 35. Bc3 Re2 36.
a4 Rf2+ 37. Kg1 Ree2 38. Be1 Rxg2+ 39. Kf1 Bxe1 40. Rxe1 Ref2# 0-1

[Event "Late-Titled-Tuesday-Blitz-March-19-2024"]
[Site "Chess.com"]
[Date "2024.03.19"]
[Round "3"]
[White "ameetghasi100"]
[Black "malakismayil"]
[Result "1-0"]
[WhiteElo "2788"]
[BlackElo "2525"]
[TimeControl "180+1"]
[EndTime "14:26:45 PDT"]
[Termination "ameetghasi100 won by resignation"]

1. c4 e5 2. e3 Nf6 3. Nc3 Nc6 4.
Nf3 Be7 5. a3 O-O 6. Qb3 d6 7.
Be2 h6 8. d3 Rb8 9. O-O Be6 10.
Qc2 d5 11. cxd5 Nxd5 12. Ne4 f5 13. Nc5 Bxc5 14. Qxc5 Qd6 15. Qc2 Rbd8 16. b4 a6 17. Bb2 Nf6 18. Rac1 Bd5 19. Rfd1 Qe6 20. Qc3 Bxf3 21.
Bxf3 Nd5 22. Qc4 Rfe8 23. b5 axb5 24. Qxb5 e4 25. dxe4 fxe4 26. Be2 Nb6 27. a4 Na7 28. Qb4 Nc6 29. Qc3 Qf7 30. Bh5 Qe7 31. a5 Nd7 32. Bxe8 Rxe8 33. a6 1-0

[Event "Late-Titled-Tuesday-Blitz-March-19-2024"]
[Site "Chess.com"]
[Date "2024.03.19"]
[Round "3"]
[White "gympod"]
[Black "Szparu"]
[Result "0-1"]
[WhiteElo "2387"]
[BlackElo "2802"]
[TimeControl "180+1"]
[EndTime "14:26:47 PDT"]
[Termination "Szparu won by resignation"]

1. c4 e6 2. g3 d5 3. Bg2 Nf6 4. Nf3 Be7 5. O-O O-O 6. b3 c5 7.
Bb2 d4 8. e3 Nc6 9. exd4 cxd4 10.
Re1 h6 11. d3 Re8 12. Ne5 Nxe5 13. Rxe5 Bd6 14. Re1 e5 15. Nd2 Bf5 16. Ne4 Bb4 17.
Re2 Bg4 18. f3 Bd7 19. a3 Bf8 20. b4 a5 21. b5 Rc8 22. Qf1 b6 23. Rae1 Nxe4 24.
Rxe4 Bd6 25. f4 Bf5 26. fxe5 Bxe4 27. Bxe4 Bxe5 28. Bc1 Qf6 29. Qg2 Qd6 30. Rf1 Bf6 31.
Qh3 Rc5 32. Bxh6 Rxe4 33. dxe4 gxh6 34. Qxh6 Be7 0-1

[Event "Late-Titled-Tuesday-Blitz-March-19-2024"]
[Site "Chess.com"]
[Date "2024.03.19"]
[Round "3"]
[White "JiiHart"]
[Black "ExchangeAB"]
[Result "0-1"]
[WhiteElo "2207"]
[BlackElo "2504"]
[TimeControl "180+1"]
[EndTime "14:26:47 PDT"]
[Termination "ExchangeAB won by resignation"]

1. e4 c5 2. c3 Nf6 3. e5 Nd5 4. d4 e6 5. Nf3 Nc6 6. Bd3 cxd4 7.
cxd4 d6 8. Nc3 dxe5 9. dxe5 Bb4 10. Bd2 Nxc3 11. Bxc3 Bxc3+ 12. bxc3 Qc7 13. Qe2 b6 14.
O-O Bb7 15. Rfe1 Rd8 16. Bb5 O-O 17. h3 Na5 18. Rac1 Bxf3 19. Qxf3 Rd5 20. Qe2 Rfd8 21. Red1 g6 22. Rxd5 Rxd5 23. Re1 Qxc3 24. Ba4 Nc4 25. Bb3 Rxe5 26. Bxc4 Qxe1+ 27. Qxe1 Rxe1+ 28. Kh2 Rc1 29. Bb3 Kg7 30. Kg3 e5 31. Kf3 f5 32. Ke2 Kf6 33. g3 Rc7 34. Ke3 b5 35. Kd3 b4 36.
Bc4 a5 37. Bb3 h6 38. f3 g5 0-1

[Event "Late-Titled-Tuesday-Blitz-March-19-2024"]
[Site "Chess.com"]
[Date "2024.03.19"]
[Round "3"]
[White "Njal28"]
[Black "Franmu14"]
[Result "1-0"]
[WhiteElo "3047"]
[BlackElo "2721"]
[TimeControl "180+1"]
[EndTime "14:26:50 PDT"]
[Termination "Njal28 won by resignation"]

1. e4 e5 2. Nf3 Nc6 3. Nc3 d6 4. d4 exd4 5. Nxd4 Nf6 6. Bc4 Be7 7. O-O O-O 8. h3 Re8 9. Re1 Bf8 10. Bg5 h6 11. Bh4 Ne5 12. Bb3 Ng6 13. Bg3 a6 14. Qd2 Bd7 15. Rad1 Nh5 16. Bh2 Qg5 17. Qxg5 hxg5 18.
Nd5 Rac8 19. Nf3 g4 20. Ng5 gxh3 21. Nxc7 Ne5 22. Nxe8 Bxe8 23. Nxh3 g6 24. Nf4 Nxf4 25. Bxf4 b5 26. Bxe5 dxe5 27. c3 a5 28. a3 b4 29.
cxb4 axb4 30. a4 Bc5 31. Rc1 Kf8 32. Rc2 Ke7 33. Rec1 Kd6 34. a5 Bb5 35. Bxf7 Bd3 36. Rd1 Bxf2+ 37. Rxf2 1-0

[Event "Late-Titled-Tuesday-Blitz-March-19-2024"]
[Site "Chess.com"]
[Date "2024.03.19"]
[Round "3"]
[White "Ticoluis"]
[Black "MarcoRiehle"]
[Result "1-0"]
[WhiteElo "2533"]
[BlackElo "2772"]
[TimeControl "180+1"]
[EndTime "14:26:50 PDT"]
[Termination "Ticoluis won by resignation"]

1. e4 e5 2. Nf3 Nf6 3. d4 Nxe4 4. Bd3 Nc6 5. O-O d5 6. Nxe5 Nxe5 7. dxe5 Nc5 8. Nc3 c6 9. Qf3 Be7 10. Qg3 g6 11. Re1 Nxd3 12. cxd3 Bf5 13. d4 h5 14.
h3 h4 15. Qf3 Qb6 16. Be3 O-O-O 17. Rac1 Kb8 18. b3 Ka8 19. Na4 Qc7 20. Bf4 Be4 21.
Qc3 g5 22. Bh2 g4 23. hxg4 h3 24. f3 Bg6 25. g3 f6 26. Nc5 Bxc5 27. Qxc5 Rhe8 28.
exf6 Qf7 29. g5 Re6 30. Rxe6 Qxe6 31. Qe7 Re8 32. Qxe6 Rxe6 33. Kf2 c5 34. Rxc5 b6 35. Rxd5 Rc6 36. g4 Rc2+ 37. Kg3 Rxa2 38. Rd8+ Kb7 39.
Rg8 Bd3 40. f7 Rg2+ 41. Kxh3 Bf1 42. Kh4 Rxh2+ 43. Kg3 Rh3+ 44. Kf4 Be2 45. f8=Q Rxf3+ 46. Ke4 Rxf8 47. Rxf8 Bd1 48. Kd3 Bxb3 49. g6 a5 50. g7 1-0

[Event "Late-Titled-Tuesday-Blitz-March-19-2024"]
[Site "Chess.com"]
[Date "2024.03.19"]
[Round "3"]
[White "Bugcrusher"]
[Black "AlexTruskavetsky"]
[Result "0-1"]
[WhiteElo "2480"]
[BlackElo "2657"]
[TimeControl "180+1"]
[EndTime "14:26:54 PDT"]
[Termination "AlexTruskavetsky won by resignation"]

1. e4 c5 2. Nc3 Nc6 3. Bb5 g6 4. Bxc6 dxc6 5. d3 Bg7 6. f4 c4 7. Nf3 cxd3 8. cxd3 Nf6 9. O-O O-O 10. Be3 Ng4 11. Qe2 Nxe3 12. Qxe3 b6 13. Rad1 Qc7 14.
d4 Rd8 15. e5 Ba6 16. Rfe1 Rac8 17. d5 cxd5 18. Nxd5 Qb7 19. Nc3 Bf8 20. e6 f6 21. f5 g5 22. Ne4 h6 23. Nxf6+ exf6 24. Rxd8 Rxd8 25. e7 Bxe7 26. Qxe7 Qxe7 27. Rxe7 Rd1+ 28.
Kf2 Rb1 29. Rxa7 Rxb2+ 30. Ke3 Rxa2 31. Nd4 Bc4 32. Rb7 b5 33. Ne6 Re2+ 34. Kf3 Bd5+ 35.
Kxe2 Bxb7 36. g3 Bd5 37. Nd4 Kf7 38. Nxb5 Bc4+ 0-1

[Event "Late-Titled-Tuesday-Blitz-March-19-2024"]
[Site "Chess.com"]
[Date "2024.03.19"]
[Round "3"]
[White "CheckThis4"]
[Black "Joachim100x"]
[Result "0-1"]
[WhiteElo "2668"]
[BlackElo "2513"]
[TimeControl "180+1"]
[EndTime "14:26:59 PDT"]
[Termination "Joachim100x won by checkmate"]

1. e4 c5 2. Nf3 e6 3. d4 cxd4 4. Nxd4 Bc5 5. Nb3 Bb6 6. Bd3 Ne7 7. Qe2 O-O 8. Be3 Nbc6 9. Nc3 f5 10. exf5 Nxf5 11. Bxf5 Rxf5 12. O-O-O d5 13. Rhe1 Bd7 14. g4 Rf7 15. g5 Rc8 16. Kb1 Na5 17. Bxb6 Qxb6 18.
Nxa5 Qxa5 19. Rd3 Qb6 20. Rf3 Rcf8 21. Rxf7 Rxf7 22. Rf1 Qd4 23. a3 Qf4 24. Qh5 g6 25. Qh6 Qd2 26. f3 Bc6 27. Qh4 Qf4 28. Qh3 Qf5 29.
Qg3 d4 30. Ne2 d3 31. Nd4 dxc2+ 32. Kc1 Qd5 33. Nxc6 bxc6 34. f4 Rd7 35. Kxc2 Qc4+ 36. Qc3 Qxf1 37. f5 Qd1# 0-1

[Event "Late-Titled-Tuesday-Blitz-March-19-2024"]
[Site "Chess.com"]
[Date "2024.03.19"]
[Round "3"]
[White "Oleksandr_Bortnyk"]
[Black "Jagerrmeisterr"]
[Result "1-0"]
[WhiteElo "3079"]
[BlackElo "2757"]
[TimeControl "180+1"]
[EndTime "14:27:00 PDT"]
[Termination "Oleksandr_Bortnyk won on time"]

1. d4 Nf6 2. Nc3 d5 3. Bf4 e6 4.
Nb5 Na6 5. e3 c6 6. Nc3 b6 7.
Nf3 Bb7 8. Bd3 Nb4 9. Be2 a5 10. a3 Na6 11. O-O Bd6 12. Ne5 Nc7 13. Bd3 Qe7 14.
Qf3 Nd7 15. Nxf7 Qxf7 16. Bxd6 Qxf3 17. gxf3 O-O-O 18. Kh1 Rde8 19. f4 Nf6 20. Rg1 g6 21. b4 Kd7 22. Be5 Rhf8 23. Na4 b5 24. Nc5+ Kc8 25.
bxa5 Na6 26. Nxb7 Kxb7 27. a4 b4 28. Rgb1 Ne4 29. Bxe4 dxe4 30. c3 c5 31. dxc5 Nxc5 32. cxb4 Nd3 33. b5 Nxe5 34. fxe5 Rxf2 35. a6+ Ka8 36.
b6 Rd8 37. Rd1 Rfd2 38. Rxd2 Rxd2 39. Rf1 Rd8 40. a5 Rg8 41. Rf7 h5 42. h4 g5 43.
hxg5 h4 44. Kh2 h3 45. Kxh3 Kb8 46. Kg4 Ka8 47. Kf4 Rc8 48. g6 Rg8 49. g7 1-0

[Event "Late-Titled-Tuesday-Blitz-March-19-2024"]
[Site "Chess.com"]
[Date "2024.03.19"]
[Round "3"]
[White "protectiago"]
[Black "FREZZY23"]
[Result "0-1"]
[WhiteElo "2064"]
[BlackElo "2382"]
[TimeControl "180+1"]
[EndTime "14:27:03 PDT"]
[Termination "FREZZY23 won by checkmate"]

1. d4 Nf6 2. c4 g6 3. Nc3 Bg7 4. e4 d6 5. Be2 O-O 6. Be3 c5 7. d5 Qa5 8. f3 a6 9. h4 b5 10. Rc1 h5 11. Nh3 Nbd7 12. Kf2 Ne5 13. cxb5 axb5 14. Bxb5 Neg4+ 15. fxg4 Nxg4+ 16. Ke2 Bxc3 17. bxc3 Qxb5+ 18. c4 Rxa2+ 19. Bd2 Qb2 20. Ng5 Ba6 21. Nf3 Bxc4+ 22. Rxc4 Qb5 23. Qc1 Ra4 24. Kd3 Nf2+ 25. Ke3 Rxc4 26. Qb1 Rxe4+ 27. Kxf2 Qe2+ 28. Kg3 Rg4+ 29.
Kh3 Qxg2# 0-1

[Event "Late-Titled-Tuesday-Blitz-March-19-2024"]
[Site "Chess.com"]
[Date "2024.03.19"]
[Round "3"]
[White "DeArron_Fox"]
[Black "Zeitnot593"]
[Result "1-0"]
[WhiteElo "2514"]
[BlackElo "2269"]
[TimeControl "180+1"]
[EndTime "14:27:04 PDT"]
[Termination "DeArron_Fox won by checkmate"]

1. d4 d5 2. c4 e6 3. Nc3 h6 4. Nf3 Nf6 5. Bf4 Bd6 6. Bxd6 Qxd6 7. e3 a6 8. Qc2 O-O 9. cxd5 exd5 10. Bd3 c6 11. O-O Re8 12. Rae1 Nbd7 13. Nd2 b5 14. f3 Bb7 15. Nb3 c5 16. dxc5 Nxc5 17. Nxb5 axb5 18. Qxc5 Qxc5 19. Nxc5 Bc6 20. a3 Reb8 21. Rc1 Be8 22. e4 dxe4 23. Nxe4 Nd5 24. Nd6 Bd7 25. Be4 Be6 26.
Rfd1 Ne3 27. Rd3 Ra6 28. Nxb5 Nxg2 29. Kxg2 Rxb5 30. Rd8# 1-0

[Event "Late-Titled-Tuesday-Blitz-March-19-2024"]
[Site "Chess.com"]
[Date "2024.03.19"]
[Round "3"]
[White "Janh4"]
[Black "OverallStranger"]
[Result "0-1"]
[WhiteElo "2155"]
[BlackElo "2396"]
[TimeControl "180+1"]
[EndTime "14:27:04 PDT"]
[Termination "OverallStranger won on time"]

1. d4 Nf6 2. Nc3 d5 3. Bf4 c5 4. e3 cxd4 5. exd4 a6 6. Nf3 Nc6 7. h3 Bf5 8. Bd3 Bxd3 9. Qxd3 e6 10. O-O Bd6 11. Bg5 h6 12. Bh4 O-O 13. Rfe1 b5 14. Ne2 Rc8 15. c3 Na5 16. Ne5 Nc4 17. Nxc4 bxc4 18.
Qf3 Be7 19. Rad1 Ne4 20. Bxe7 Qxe7 21. Nc1 f5 22. Qe2 Rc6 23. f3 Nf6 24. Qe5 Rb6 25.
Rd2 Rfb8 26. b4 cxb3 27. axb3 Rc8 28. Rd3 Rbc6 29. Ne2 Qa3 30. Nc1 Nd7 31. Qe3 Nf8 32. c4 dxc4 33. bxc4 Qb4 34. c5 Rd8 35. Red1 Rc7 36.
Ne2 Rcd7 37. Nf4 Kf7 38. Ne2 g5 39. Rb3 Qa4 40. Rdb1 Qc6 41. Rb6 Qd5 42. c6 Rc7 43. Rb7 Rc8 44. Rxc7+ Rxc7 0-1

[Event "Late-Titled-Tuesday-Blitz-March-19-2024"]
[Site "Chess.com"]
[Date "2024.03.19"]
[Round "3"]
[White "Young_Catalan_Player09"]
[Black "simaopdias"]
[Result "1-0"]
[WhiteElo "2593"]
[BlackElo "2283"]
[TimeControl "180+1"]
[EndTime "14:27:05 PDT"]
[Termination "Young_Catalan_Player09 won by resignation"]

1. e4 c5 2. d3 g6 3. g3 Bg7 4.
Bg2 Nc6 5. f4 Nf6 6. Nf3 d5 7.
e5 Ng4 8. h3 Nh6 9. O-O O-O 10.
c3 f6 11. d4 b6 12. Be3 Nf5 13. Bf2 cxd4 14. cxd4 Ba6 15. Re1 Rc8 16. Nc3 fxe5 17. fxe5 e6 18. Bf1 Bxf1 19. Rxf1 Bh6 20. Qe2 Na5 21.
g4 Ne7 22. Bh4 Qd7 23. Bf6 Nc4 24. Ng5 Nc6 25. Rad1 a6 26. h4 b5 27. Kg2 Rce8 28. Rh1 Qa7 29. h5 Nxd4 30. hxg6 Rxf6 31. gxh7+ Kh8 32. Rxd4 Qxd4 33. exf6 Bxg5 34. f7 Rf8 35. Qxe6 Qf2+ 36. Kxf2 1-0

[Event "Late-Titled-Tuesday-Blitz-March-19-2024"]
[Site "Chess.com"]
[Date "2024.03.19"]
[Round "3"]
[White "Legendinunknown"]
[Black "LangesNasenhaar"]
[Result "1/2-1/2"]
[WhiteElo "2823"]
[BlackElo "2542"]
[TimeControl "180+1"]
[EndTime "14:27:14 PDT"]
[Termination "Game drawn by repetition"]

1. e4 g6 2. h4 d5 3. exd5 Nf6 4. Nc3 Nxd5 5. h5 Bg7 6. Nf3 Bg4 7. h6 Bf6 8. Ne4 Nc6 9. Bb5 O-O 10. Bxc6 bxc6 11.
d3 Rb8 12. c3 Bh8 13. Qe2 Qd7 14. d4 Qf5 15. Ng3 Bxf3 16. gxf3 Qd7 17. f4 c5 18. Be3 cxd4 19. cxd4 Qd6 20. Ne4 Qb4+ 21.
Qd2 Qxd2+ 22. Nxd2 Rxb2 23. Nc4 Rc2 24. Ne5 Nxe3 25. fxe3 Bxe5 26. fxe5 Rb8 27. O-O Rbb2 28. Rfb1 Rg2+ 29. Kf1 Rgf2+ 30. Kg1 Rg2+ 31. Kf1 Rbf2+ 32. Ke1 Re2+ 33. Kf1 Ref2+ 34. Ke1 Re2+ 35. Kd1 Rd2+ 36. Kc1 Rc2+ 37. Kd1 Rgd2+ 38. Ke1 Re2+ 39. Kf1 Rf2+ 40. Ke1 Rfe2+ 41. Kd1 Red2+ 42. Ke1 Re2+ 1/2-1/2

[Event "Late-Titled-Tuesday-Blitz-March-19-2024"]
[Site "Chess.com"]
[Date "2024.03.19"]
[Round "3"]
[White "cthake"]
[Black "Supergiuly"]
[Result "0-1"]
[WhiteElo "1821"]
[BlackElo "2351"]
[TimeControl "180+1"]
[EndTime "14:27:14 PDT"]
[Termination "Supergiuly won on time"]

1. e4 b6 2. d4 Bb7 3. Nc3 g6 4. Bd3 Bg7 5. Nge2 e6 6. Be3 Ne7 7.
Qd2 O-O 8. f3 d6 9. h4 h5 10.
O-O-O c5 11. g4 cxd4 12. Nxd4 Nbc6 13. Nxc6 Nxc6 14. gxh5 gxh5 15. Bg5 Qc7 16. Rhg1 Ne5 17. Bf6 Ng6 18. Bxg7 Kxg7 19. f4 f5 20. exf5 exf5 21.
Bc4 Qxc4 22. Qxd6 Qf7 23. Qe5+ Kh7 24. Qe2 Nxf4 25. Qe3 Ng2 26. Qe2 Rae8 27. Qf2 b5 28. a3 a5 29. Rd6 b4 30. Qd2 f4 31. Qd3+ Qf5 32. Rd7+ Kh6 33. Rd6+ Kg7 34. Rd7+ Kg8 35. Qd4 Rf7 36. Rxf7 Qxf7 37. axb4 axb4 38. Qxb4 f3 39. Qc5 f2 40. Qg5+ Kf8 41. Rf1 Re1+ 0-1

[Event "Late-Titled-Tuesday-Blitz-March-19-2024"]
[Site "Chess.com"]
[Date "2024.03.19"]
[Round "3"]
[White "Aslanov_Umid"]
[Black "Morscas"]
[Result "1-0"]
[WhiteElo "2608"]
[BlackElo "2326"]
[TimeControl "180+1"]
[EndTime "14:27:15 PDT"]
[Termination "Aslanov_Umid won by resignation"]

1. e4 c5 2. Nf3 d6 3. d4 cxd4 4. Qxd4 Nf6 5. Be2 Nc6 6. Qe3 g6 7. O-O Bg7 8. c4 O-O 9. Nc3 Ng4 10. Qd2 Nge5 11. Nxe5 Nxe5 12. b3 Bd7 13. Bb2 a6 14.
Nd5 b5 15. f4 Nc6 16. Bxg7 Kxg7 17. cxb5 axb5 18. Bxb5 e6 19. Bxc6 Bxc6 20. Qc3+ f6 21. Qxc6 exd5 22. Qxd5 Ra5 23. Qd4 Qa8 24. Qxd6 Rxa2 25.
Rxa2 Qxa2 26. b4 Qc4 27. e5 fxe5 28. Qxe5+ Kg8 29. b5 Rf5 30. Qb8+ Kg7 31. b6 Rb5 32. Qd6 Qb4 33. Qd7+ Kh6 34. f5 Rxb6 35. f6 Qd4+ 36.
Qxd4 1-0

[Event "Late-Titled-Tuesday-Blitz-March-19-2024"]
[Site "Chess.com"]
[Date "2024.03.19"]
[Round "3"]
[White "mbojan"]
[Black "Masterisback04"]
[Result "1-0"]
[WhiteElo "2793"]
[BlackElo "1940"]
[TimeControl "180+1"]
[EndTime "14:27:17 PDT"]
[Termination "mbojan won on time"]

1. e4 c5 2. Nf3 e6 3. d4 cxd4 4. Nxd4 Nc6 5. Nc3 Qc7 6. Be3 a6 7. Qf3 Nf6 8. O-O-O Ne5 9. Qg3 b5 10. Bxb5 axb5 11. Ndxb5 Qb8 12. Bf4 d6 13. Nxd6+ Bxd6 14. Rxd6 Qxd6 15. Bxe5 Nh5 16. Bxd6 Nxg3 17. hxg3 Bd7 18.
b3 f6 19. e5 f5 20. Kb2 Kf7 21. Ne2 h6 22. Nd4 Rhc8 23. c4 Bc6 24. Nxc6 Rxc6 25. c5 Ke8 26. b4 Rca6 27. Ra1 Ra3 28. c6 Rd3 29. a4 g5 30. b5 Rd4 31. Kb3 f4 32.
gxf4 gxf4 33. f3 Rd2 34. b6 Rxg2 35. b7 1-0

[Event "Late-Titled-Tuesday-Blitz-March-19-2024"]
[Site "Chess.com"]
[Date "2024.03.19"]
[Round "3"]
[White "semchik73"]
[Black "grandcoach"]
[Result "0-1"]
[WhiteElo "2412"]
[BlackElo "2242"]
[TimeControl "180+1"]
[EndTime "14:27:17 PDT"]
[Termination "grandcoach won by resignation"]

1. Nf3 c5 2. c4 Nc6 3. e3 e5 4. d4 cxd4 5. exd4 e4 6. Nfd2 Nf6 7.
d5 Ne5 8. Nc3 Bb4 9. Be2 O-O 10.
O-O Bxc3 11. bxc3 d6 12. Qc2 Bf5 13. Nb3 Rc8 14. Nd4 Bg6 15. Qb3 b6 16. Ba3 Qe7 17.
Nb5 Rfd8 18. Rfe1 h5 19. Nd4 h4 20. h3 Bh5 21. Bxh5 Nxh5 22. Nf5 Qf6 23. Ne3 Nf4 24. Ng4 Qg5 25. Bc1 Nxg4 26. Rxe4 Ne3 27. g4 Nxh3+ 28. Kh2 Nxg4+ 29. Rxg4 Qxg4 30. Be3 Nf4 31. Bxf4 Qxf4+ 32. Kg2 Rxc4 33. Rh1 Qg4+ 34. Kf1 Re8 35.
Qc2 Rce4 36. Qd2 Re1+ 37. Qxe1 Rxe1+ 38. Kxe1 Qe4+ 39. Kd2 Qxh1 0-1